 Dungeon Crawl Stone Soup version 0.31-a0-960-g0fca184906 (webtiles) character file.

Game seed: 6002538763143471116

994 RepHenryClay the Cleaver (level 8, -2/94 HPs)
             Began as a Meteoran Fighter on Oct 23, 2023.
             Slain by an iguana (6 damage)
             ... on level 5 of the Dungeon.
             The game lasted 00:07:24 (1964 turns).

RepHenryClay the Cleaver (Meteoran Fighter)         Turns: 1964, Time: 00:07:24

Health: -2/94      AC: 11    Str: 20    XL:     8   Next: 70%
Magic:  9/9        EV: 10    Int:  9    God:
Gold:   211        SH:  5    Dex: 14    Spells: 7/7 levels left

rFire   . . .        a - +0 war axe
rCold   . . .        c - +0 buckler
rNeg    . . .        o - +3 leather armour {rPois}
rPois   +            i - +2 helmet
rElec   .            (no cloak)
rCorr   .            (no gloves)
SInv    .            m - +0 pair of boots
Will    ++...        (no amulet) Stlth
                     (no ring)
HPRegen 0.35/turn    (no ring)
MPRegen 0.11/turn

%: no passive effects
@: mighty, berserking, enlightened, flying, glowing, very quick
A: sense surroundings 1, otherworldly, glowing, explore regen
a: no special abilities


You were on level 5 of the Dungeon.
You visited 1 branch of the dungeon, and saw 5 of its levels.
You also visited: Ossuary.

You collected 211 gold pieces.

Inventory:

Hand Weapons
 a - a +0 war axe (weapon)
 h - a +0 broad axe
Armour
 c - a +0 buckler (worn)
 i - a +2 helmet (worn)
 m - a +0 pair of boots (worn)
 o - a +3 leather armour of poison resistance (worn)
Wands
 u - a wand of roots (4)
Scrolls
 g - 5 scrolls of teleportation
 k - a scroll of noise {unknown}
 p - 3 scrolls of identify {unknown}
 q - a scroll of fear {unknown}
 r - a scroll of fog {unknown}
Potions
 b - a potion of berserk rage
 e - a potion of invisibility {unknown}
 f - a potion of curing {unknown}
 j - 2 potions of ambrosia
 l - 2 potions of attraction {unknown}
 n - 2 potions of enlightenment
 s - a potion of lignification {unknown}
 t - a potion of mutation {unknown}


   Skills:
 - Level 3.5 Fighting
 * Level 9.1 Axes
 + Level 6.6 Armour
 - Level 3.5 Shields


You had 7 spell levels left.
You didn't know any spells.
Your spell library contained the following spells:

 Spells                   Type           Power      Damage    Failure   Level
 Inner Flame              Hex/Fire       0%         N/A       86%         3
 Brom's Barrelling Bould  Conj/Erth      0%         2d3       99%         4
 Flame Wave               Conj/Fire      0%         2d4       99%         4
 Sticky Flame             Conj/Fire      0%         2d3       99%         4
 Fireball                 Conj/Fire      0%         3d3       100%        5
 Iskenderun's Battlesphe  Conj           0%         2d6       100%        5
 Conjure Ball Lightning   Conj/Air       0%         3x3d6     100%        6
 Orb of Destruction       Conj           0%         9d5       100%        7


Dungeon Overview and Level Annotations

Branches:
Dungeon (5/15) Zot: 1149   Temple (0/1) D:5         Ossuary (visited)

Altars:
Cheibriados
Dithmenos
Yredelemnul

Shops:
D:4 **

Annotations:
D:4 exec


Innate Abilities, Weirdness & Mutations

You passively map a small area around you.
You are easily found by Zot.
You glow in the dark.
You regain HP and MP as you explore.


Message History

It was a potion of enlightenment.
You feel very buoyant.
You fly up into the air.
The yak gores you.
* * * LOW HITPOINT WARNING * * *
You block the yak's attack.
Huge Dmg: -7%(-5hp) hp: 20%(12hp) Welcome back, RepHenryClay the Meteoran Fighter.
Press ? for a list of commands and other information.
Okay, then.
You slash the yak!
You kill the yak!
You hit the yak. The yak gores you but does no damage.
Your Axes skill increases to level 9!
You closely miss the yak.
The yak is severely wounded.
You barely miss the iguana. The iguana bites you.
* * * LOW HITPOINT WARNING * * *
The yak gores you.
* * * LOW HITPOINT WARNING * * *
Huge Dmg: -8%(-5hp) hp: 12%(7hp) Welcome back, RepHenryClay the Meteoran Fighter.
Press ? for a list of commands and other information.
It was a potion of berserk rage.
A red film seems to cover your vision as you go berserk!
You feel yourself moving faster!
You feel mighty! The iguana bites you.
* * * LOW HITPOINT WARNING * * *
You block the yak's attack.
You hit the iguana.
The iguana is moderately wounded.
You barely miss the yak.
The iguana bites you but does no damage.
The yak gores you.
* * * LOW HITPOINT WARNING * * *
Huge Dmg: -2%(-2hp) hp: 5%(4hp) Welcome back, RepHenryClay the Meteoran Fighter.
Press ? for a list of commands and other information.
You slice the yak!!
You kill the yak!
You slash the iguana! The iguana bites you.
You die...

* *##.##..## , , *
+........ , , , .
#....... , *
..##.....# , **
*.........##+###,,
.............# *
#.........#. 8
#ll....≈≈.≈~
,#@####≈≈≈.≈ ,
#..# ⌠.⌠~ *,
*#..#, ,,,∩. , ,
+..#,, , , ,#..# ,
~ , #..+ ** * ,
#..# ..## ,, ,


You could see 2 iguanas.

Vanquished Creatures
  4 yaks (D:5)
  Eustachio (D:4)
  A wight (Ossuary)
  3 centaur zombies (Ossuary)
  An orc priest (D:3)
  A bullfrog zombie (Ossuary)
  An iron imp (D:3)
  2 scorpion zombies
  Robin (D:2)
  A gnoll (D:1)
  An adder (D:2)
  5 adder zombies
  A dart slug (D:1)
  7 orcs (D:3)
  3 endoplasms
  A giant cockroach (D:1)
  3 gnoll zombies (Ossuary)
  15 goblins
  5 hobgoblins
  3 jackals (D:1)
  A kobold (D:2)
  4 quokkas
  5 ball pythons
  A bat (D:1)
  3 frilled lizards
  5 goblin zombies (Ossuary)
  4 hobgoblin zombies (Ossuary)
  3 orc zombies
  A rat (D:1)
87 creatures vanquished.

Notes
Turn   | Place    | Note
-------+----------+-------------------------------------------
     0 | D:1      | RepHenryClay the Meteoran Fighter began the quest for the
                  | Orb.
     0 | D:1      | Reached XP level 1. HP: 19/19 MP: 2/2
    66 | D:1      | Reached XP level 2. HP: 19/26 MP: 3/3
   103 | D:1      | Reached XP level 3. HP: 31/31 MP: 4/4
   143 | D:1      | Reached skill level 3 in Axes
   365 | D:2      | Noticed Robin
   400 | D:2      | Reached XP level 4. HP: 10/38 MP: 5/5
   400 | D:2      | Killed Robin
   735 | D:2      | Reached skill level 4 in Axes
   941 | D:3      | Reached XP level 5. HP: 34/45 MP: 6/6
   959 | D:3      | Found a shadowy altar of Dithmenos.
  1078 | D:3      | Found a snail-covered altar of Cheibriados.
  1085 | D:3      | Reached skill level 5 in Axes
  1184 | D:3      | Reached XP level 6. HP: 49/51 MP: 7/7
  1192 | D:3      | Found a basalt altar of Yredelemnul.
  1358 | D:4      | Identified the of Sueqan
  1358 | D:4      | Found Barch's Assorted Antiques.
  1358 | D:4      | Found Maen Xuu's Mayhem Merchandise.
  1358 | D:4      | Noticed Eustachio
  1378 | D:4      | Killed Eustachio
  1379 | D:4      | Reached skill level 6 in Axes
  1379 | D:4      | Reached skill level 5 in Armour
  1379 | D:4      | Reached XP level 7. HP: 34/57 MP: 8/8
  1441 | D:4      | Found a sand-covered staircase.
  1454 | Ossuary  | Entered an ossuary
  1548 | Ossuary  | Reached skill level 7 in Axes
  1582 | Ossuary  | Noticed a silent spectre
  1937 | D:5      | Entered Level 5 of the Dungeon
  1938 | D:5      | Noticed a yak
  1938 | D:5      | Noticed a yak
  1938 | D:5      | Noticed a yak
  1938 | D:5      | Noticed a yak
  1951 | D:5      | Killed a yak
  1952 | D:5      | Reached skill level 8 in Axes
  1952 | D:5      | Reached XP level 8. HP: 49/63 MP: 9/9
  1956 | D:5      | Killed a yak
  1960 | D:5      | Killed a yak
  1961 | D:5      | Reached skill level 9 in Axes
  1963 | D:5      | HP: 4/94 [yak (2)]
  1964 | D:5      | Killed a yak
  1964 | D:5      | Slain by an iguana

Illustrated notes

Levels and vault maps discovered:
D:1:      dpeg_arrival_stonehenge_8_columns, layout_basic,
          minmay_misc_feat_more_columns
D:2:      layout_basic, uniq_robin
D:3:      layout_loops_ring, chei_slow_surprise,
          grunt_dithmenos_smoke_and_mirrors, lemuel_zombie_altar_yredelemnul,
          okawaru_trees_1, dreamdust_ecumenical_altar_angels_and_demons
D:4:      layout_cave_pods, palyth_temple_overflow_mages, enter_ossuary_3,
          serial_shops, shop_fountains, kennysheep_pointless_box,
          minmay_shop_mayhem, uniq_eustachio
D:5:      layout_gridville, lemuel_doored_altar, minmay_temple_entry_glass,
          minivault_1, nicolae_shop_self_help

Skill      XL: |  1  2  3  4  5  6  7  8 |
---------------+-------------------------+-----
Axes           | 3 4 5 6 8 9 |  9.1
Armour         | 4 5 6 |  6.6
Fighting       | |  3.5
Shields        | |  3.5

Action                     |  1- 3 |  4- 6 |  7- 9 || total
---------------------------+-------+-------+-------++-------
  Melee: War axe           |    52 |    91 |    94 ||   237
    Use: Potion            |       |     1 |     4 ||     5
         Scroll            |       |       |     1 ||     1
 Armour: Scale mail        |    54 |    65 |       ||   119
         Leather armour    |       |       |    86 ||    86
  Dodge: Dodged            |    26 |    46 |    53 ||   125
  Block: Buckler           |    13 |    16 |    28 ||    57

Table legend: (Time is in decaauts)
 A = Elapsed time spent in this place.
 B = Non-inter-level travel time spent in this place.
 C = Inter-level travel time spent in this place.
 D = Time resting spent in this place.
 E = Time spent auto-exploring this place.
 F = Levels seen in this place.
 G = Mean time per level.
                   A        B        C        D        E       F      G
               +--------+--------+--------+--------+--------+-----+--------+
         Total |   2027 |   1777 |    250 |      0 |    582 |   6 |  337.8 |
       Dungeon |   1850 |   1600 |    250 |      0 |    581 |   5 |  370.0 |
       Ossuary |    177 |    177 |      0 |      0 |      1 |   1 |  177.0 |
               +--------+--------+--------+--------+--------+-----+--------+

Top non-repeatable levels by time:
     D:2: 659 daAuts
     D:3: 445 daAuts
     D:4: 416 daAuts
     D:1: 300 daAuts
 Ossuary: 177 daAuts
     D:5: 28 daAuts
